 Dungeon Crawl Stone Soup version 0.23-a0-644-gb60d84b (webtiles) character file.

2697 EvilAliv3 the Cruncher (level 9, -11/69 HPs)
             Began as a Human Gladiator on Jan 1, 2019.
             Was an Initiate of Gozag.
             Mangled by an orc warrior
             ... wielding a +0 battleaxe
              (21 damage)
             ... on level 8 of the Dungeon.
             The game lasted 00:51:35 (9310 turns).

EvilAliv3 the Cruncher (Human Gladiator)            Turns: 9310, Time: 00:51:35

Health: -11/69     AC: 10    Str: 22    XL:     9   Next: 97%
Magic:  12/12      EV: 10    Int:  9    God:    Gozag
Gold:   1063       SH:  0    Dex: 14    Spells: 8/8 levels left

rFire    . . .     SeeInvis .   h - +8 hand axe of the Jester {flame, Fragile +Fly rPois Str+4}
rCold    + . .     Gourm    .   (no shield)
rNeg     . . .     Faith    .   D - +0 chain mail
rPois    +         Spirit   .   c - +0 helmet
rElec    .         Reflect  .   F - scarf {cloud immunity}
rCorr    .         Harm     .   (no gloves)
MR       .....                  (no boots)
Stlth    ..........             v - amulet of magic regeneration
HPRegen  0.21/turn              l - ring of protection from cold
MPRegen  0.38/turn              (no ring)

@: gold aura, drained
A: no striking features
a: Potion Petition, Call Merchant, Bribe Branch, Renounce Religion, Evoke Flight


You were on level 8 of the Dungeon.
You worshipped Gozag.
Gozag was most pleased with you.
You were not hungry.

You visited 1 branch of the dungeon, and saw 8 of its levels.
You also visited: Sewer.

You collected 1104 gold pieces.
You paid 41 gold pieces to Gozag.

Inventory:

Hand Weapons
 a - a +0 quarterstaff
 b - a +0 hunting sling
 h - the +8 hand axe of the Jester (weapon) {flame, Fragile +Fly rPois Str+4}
   (You found it on level 6 of the Dungeon)

   It has been specially enchanted to burn those struck by it, causing extra
   injury to most foes and up to half again as much damage against particularly
   susceptible opponents.
   Big, fiery blades are also staple armaments of hydra-hunters.
   It affects your strength (+4).
   It protects you from poison.
   It lets you fly.
   It will be destroyed if unequipped.
Missiles
 d - 6 throwing nets (quivered)
 m - 201 stones
 z - 66 sling bullets
Armour
 c - a +0 helmet (worn)
 D - a +0 chain mail (worn)
 F - a scarf of cloud immunity (worn)
Jewellery
 i - an uncursed amulet of rage {unknown}
 l - a ring of protection from cold (left hand)
 v - an amulet of magic regeneration (around neck)
Wands
 w - a wand of paralysis (9)
 y - a wand of disintegration (17)
 E - a wand of enslavement (13)
Scrolls
 g - a scroll of blinking {unknown}
 k - a scroll of magic mapping
 r - a scroll of random uselessness {unknown}
 t - 3 scrolls of remove curse
 u - 3 scrolls of amnesia {unknown}
 x - 2 scrolls of enchant armour {unknown}
 B - a scroll of teleportation {unknown}
 C - a scroll of fog
 G - a scroll of enchant weapon {unknown}
Potions
 e - a potion of ambrosia
 j - 8 potions of curing
 n - a potion of invisibility {unknown}
 o - 2 potions of heal wounds
 p - 2 potions of might {unknown}
 q - 3 potions of lignification {unknown}
 s - 4 potions of flight {unknown}
 A - a potion of berserk rage {unknown}
Comestibles
 f - 4 rations


   Skills:
 + Level 6.0(5.1) Fighting
 * Level 8.7(7.7) Staves
 - Level 2.2(1.4) Throwing
 - Level 5.0(4.1) Armour
 - Level 5.0(4.1) Dodging
 + Level 4.5(3.6) Evocations


You had 8 spell levels left.
You didn't know any spells.
Your spell library contained the following spells:

 Spells                   Type           Power        Failure   Level  Hunger
 Beastly Appendage        Tmut           #.....       98%         1    ##.....
 Sticks to Snakes         Tmut           #.......     99%         2    ###....
 Spider Form              Tmut/Pois      #.........   100%        3    ####...
 Ice Form                 Ice/Tmut       #.......     100%        4    #####..
 Blade Hands              Tmut           #.........   100%        5    ######.


Dungeon Overview and Level Annotations

Branches:
Dungeon (8/15)             Temple (0/1) D:5            Lair (0/6) D:8

Altars:
Ashenzari
Gozag
Kikubaaqudgha
Ru
Sif Muna
Trog
Vehumet
Wu Jian
Yredelemnul

Annotations:
D:8 Psyche


Message History

The orc warrior hits you with a +0 battleaxe!
The orc shouts!
You hit the orc warrior but do no damage.
The orc warrior hits you with a +0 battleaxe!!
You hit the orc warrior but do no damage.
The orc warrior hits you with a +0 battleaxe!
You slash the orc warrior! You burn the orc warrior.
The orc warrior is moderately wounded.
The orc warrior hits you with a +0 battleaxe!
* * * LOW HITPOINT WARNING * * *
You hit the orc warrior but do no damage.
The orc warrior is moderately wounded.
The orc is no longer distracted by gold.
The orc warrior hits you with a +0 battleaxe!
* * * LOW HITPOINT WARNING * * *
You hit the orc warrior. You burn the orc warrior.
The orc warrior is heavily wounded.
The orc warrior hits you with a +0 battleaxe!!
You die...
Your body crumbles into a pile of gold.

#.........# #.###.###.# ##.#
#.# #.# #..###+###.##
#....'_###..#########
#..###'###........... .
####..# # #.#.........
.o.)###....o###.###.#......)..
...oo.'...ooo@......#.........
....###...####...####.........
.. #...# ##.# #......... #...#
###..###......... #....
.......#......... ......
.......'.........
.......$.......##.###....
............... #.# #....
..).... #.# #####


You could see an orc warrior and 3 orcs.

Vanquished Creatures
  Grinder (D:3)
  A hungry ghost (D:7)
  An orc warrior (D:6)
  An ice beast (D:7)
  A sky beast (D:6)
  A centaur (D:6)
  2 big kobolds
  3 bullfrogs
  5 killer bees (D:8)
  9 wights
  A howler monkey (D:5)
  4 crimson imps
  A bullfrog zombie (D:6)
  2 hounds
  A jelly (D:7)
  2 orc priests (D:4)
  2 bullfrog skeletons
  2 iguanas (D:6)
  5 worker ants
  3 orc wizards
  A hound zombie (D:8)
  2 hound skeletons
  A worker ant zombie (D:5)
  A howler monkey skeleton (D:6)
  7 gnolls (D:7)
  10 adders
  3 river rats
  3 shadow imps
  3 oozes
  An adder zombie (D:6)
  An adder skeleton (D:4)
  2 worms
  2 dart slugs
  6 leopard geckos
  18 orcs
  7 ball pythons
  13 bats
  7 giant cockroaches
  2 gnoll zombies (D:5)
  8 goblins
  9 hobgoblins
  12 jackals
  14 kobolds
  8 quokkas
  5 frilled lizards
  A jackal skeleton (D:4)
  13 rats
208 creatures vanquished.

Vanquished Creatures (others)
  5 toadstools (D:1)
5 creatures vanquished.

Grand Total: 213 creatures vanquished

Notes
Turn   | Place    | Note
-------+----------+-------------------------------------------
     0 | D:1      | EvilAliv3 the Human Gladiator began the quest for the Orb.
     0 | D:1      | Reached XP level 1. HP: 16/16 MP: 1/1
   102 | D:1      | Reached XP level 2. HP: 12/22 MP: 2/2
   391 | D:1      | Reached XP level 3. HP: 24/28 MP: 3/3
  1055 | D:2      | Reached XP level 4. HP: 31/34 MP: 4/4
  1266 | D:2      | Reached skill level 1 in Armour
  1514 | D:2      | Reached XP level 5. HP: 37/39 MP: 5/5
  1570 | D:2      | Reached skill level 4 in Staves
  1838 | D:3      | Noticed Grinder
  2688 | D:3      | Found a radiant altar of Vehumet.
  2913 | D:3      | Killed Grinder
  2913 | D:3      | Reached XP level 6. HP: 6/47 MP: 6/6
  3207 | D:3      | Found a deep blue altar of Sif Muna.
  3207 | D:3      | Found an opulent altar of Gozag.
  3208 | D:3      | Found an ornate altar of the Wu Jian Council.
  3214 | D:3      | Became a worshipper of Gozag Ym Sagoz the Greedy
  3259 | D:3      | Reached skill level 5 in Staves
  3269 | D:3      | Reached XP level 7. HP: 12/52 MP: 7/7
  4244 | D:5      | Entered Level 5 of the Dungeon
  4287 | D:5      | Found a staircase to the Ecumenical Temple.
  4441 | D:5      | Found a sacrificial altar of Ru.
  4758 | D:5      | Found an ancient bone altar of Kikubaaqudgha.
  5202 | D:5      | Found a basalt altar of Yredelemnul.
  5492 | D:6      | Reached skill level 1 in Evocations
  5521 | D:6      | Reached XP level 8. HP: 54/60 MP: 8/8
  5550 | D:6      | Found a glowing drain.
  5555 | Sewer    | Entered a sewer
  5639 | Sewer    | Reached skill level 6 in Staves
  5660 | Sewer    | Found a white marble altar of Elyvilon.
  6051 | D:6      | Reached skill level 5 in Dodging
  6485 | D:6      | Got a fine hand axe
  6574 | D:6      | Found a bloodstained altar of Trog.
  7028 | D:6      | Reached skill level 7 in Staves
  7162 | D:6      | Reached XP level 9. HP: 51/67 MP: 11/11
  7212 | D:6      | Reached skill level 5 in Fighting
  8099 | D:7      | Reached skill level 8 in Staves
  8256 | D:8      | Identified the +8 hand axe of the Jester {flame, Fragile
                  | +Fly rPois Str+4} (You found it on level 6 of the Dungeon)
  8289 | D:8      | Reached skill level 5 in Armour
  8991 | D:8      | Noticed Psyche
  9233 | D:8      | Found a staircase to the Lair.
  9269 | D:8      | Found a shattered altar of Ashenzari.
  9310 | D:8      | Mangled by an orc warrior

Vault maps used:
D:1:      ldierk_walled_garden
D:2:      minmay_hexomino_c4
D:3:      gammafunk_temple_overflow_claw, vehumet_crystals, first_ration,
          uniq_grinder
D:5:      kiku_gazebo_pond_becter, nicolae_ru_awakened_eye,
          lemuel_zombie_altar_yredelemnul, minmay_temple_entry_drinking_statues
D:6:      lightli_sewer_entry_pipes, trog_butcher_becter
D:8:      lemuel_doored_altar, lair_entry_dummy, uniq_psyche
Sewer:    sewer_kobolds

Skill      XL: |  1  2  3  4  5  6  7  8  9 |
---------------+----------------------------+-----
Armour         | 1 2 3 4 5 |  5.0
Staves         | 4 5 7 8 |  8.7
Fighting       | 3 4 6 |  6.0
Dodging        | 4 5 |  5.0
Evocations     | 1 2 4 |  4.5
Throwing       | |  2.2

Action                   |  1- 3 |  4- 6 |  7- 9 || total
-------------------------+-------+-------+-------++-------
Melee: Quarterstaff      |    98 |   218 |   500 ||   816
       Hand axe          |       |       |    74 ||    74
Throw: Throwing net      |       |       |     1 ||     1
Evoke: Wand              |       |       |     2 ||     2
  Use: Scroll            |       |       |    12 ||    12
 Stab: Paralysed         |       |       |     6 ||     6
       Distracted        |       |       |     1 ||     1
  Eat: Chunk             |     1 |     6 |       ||     7
       Ration            |       |       |     8 ||     8
Armor: Ring mail         |    32 |    77 |    17 ||   126
       Chain mail        |       |       |   217 ||   217
Dodge: Dodged            |    63 |   158 |   264 ||   485

Table legend:
 A = Non-vault XP
 B = Vault XP
 C = Vault XP percentage of total XP
 D = Non-vault monster count
 E = Vault monster count
 F = Vault count percentage of total count
                 A         B        C        D         E       F
            +---------+---------+-------+---------+---------+-------
      Total |    3171 |     682 |  17.7 |     176 |      32 |  15.4
            +---------+---------+-------+---------+---------+-------
        D:1 |      71 |       0 |   0.0 |      33 |       0 |   0.0
        D:2 |      88 |      23 |  20.7 |      31 |       6 |  16.2
        D:3 |     135 |     235 |  63.5 |      24 |       1 |   4.0
        D:4 |     143 |       0 |   0.0 |      11 |       0 |   0.0
        D:5 |     208 |       3 |   1.4 |      11 |       2 |  15.4
        D:6 |     798 |     294 |  26.9 |      24 |      12 |  33.3
        D:7 |     963 |       0 |   0.0 |      25 |       0 |   0.0
        D:8 |     765 |       0 |   0.0 |      17 |       0 |   0.0
      Sewer |       0 |     127 | 100.0 |       0 |      11 | 100.0
            +---------+---------+-------+---------+---------+-------
